 Dungeon Crawl Stone Soup version 0.21.1-1-g345015f (webtiles) character file.

11 inc the Sneak (level 2, -1/11 HPs)
             Began as a Felid Venom Mage on Mar 4, 2018.
             Slain by a jackal (3 damage)
             ... on level 1 of the Dungeon.
             The game lasted 00:01:24 (611 turns).

inc the Sneak (Felid Venom Mage)                     Turns: 611, Time: 00:01:25

Health: -1/11      AC:  1    Str:  4    XL:     2   Next: 17%
Magic:  2/6        EV: 18    Int: 16    God:
Gold:   0          SH:  0    Dex: 16    Spells: 4/5 levels left
                                        Lives:  0   Deaths: 0

rFire    . . .     SeeInvis +   (weapon unavailable)
rCold    . . .     Gourm    .   (shield unavailable)
rNeg     . . .     Faith    .   (armour unavailable)
rPois    .         Spirit   .   (helmet unavailable)
rElec    .         Reflect  .   (cloak unavailable)
rCorr    .         Harm     .   (gloves unavailable)
MR       .....                  (boots unavailable)
Stlth    +++.......             (no amulet)
HPRegen  0.03/turn              (no ring)
MPRegen  0.10/turn              (no ring)

@: quick
A: very small, no armour, no weapons or thrown items, stealth, claws 1, fangs 3,
see invisible, carnivore, speed 1, shaggy fur 1, slow metabolism 1, sharp paws
a: no special abilities


You were on level 1 of the Dungeon.
You were not hungry.

You visited 1 branch of the dungeon, and saw 1 of its levels.

Inventory:

Scrolls
 c - a scroll of identify {unknown}
Books
 a - a Young Poisoner's Handbook

   Spells                             Type                      Level
   a - Sting                          Conjuration/Poison           1
   b - Poisonous Vapours              Poison/Air                   2
   c - Mephitic Cloud                 Conjuration/Poison/Air       3
   d - Olgreb's Toxic Radiance        Poison                       4
   e - Venom Bolt                     Conjuration/Poison           5
Comestibles
 b - a ration


   Skills:
 - Level 2.6 Dodging
 - Level 2.6 Stealth
 - Level 2.0 Spellcasting
 + Level 2.0 Conjurations
 - Level 2.6 Poison Magic


You had 4 spell levels left.
You knew the following spells:

 Your Spells              Type           Power        Failure   Level  Hunger
a - Sting                 Conj/Pois      #...         8%          1    #......


Dungeon Overview and Level Annotations

Branches:
Dungeon (1/15)

Altars:


Innate Abilities, Weirdness & Mutations

You cannot wear armour.
You are incapable of wielding weapons or throwing items.
Your paws allow you to move quietly. (Stealth)
You have sharp claws.
You have razor-sharp teeth.
You have supernaturally acute eyesight. (SInv)
You are carnivorous and can eat meat at any time.
You cover ground quickly.
You are covered in fur. (AC +1)
You have a slow metabolism.
Your sharp claws are effective at attacking unaware monsters.


Message History

You closely miss the jackal.
The jackal is heavily wounded.
The jackal misses you. The jackal barely misses you.
You barely miss the jackal.
The jackal is heavily wounded.
The jackal bites you.
* * * LOW HITPOINT WARNING * * *
You scratch the jackal but do no damage.
The jackal is heavily wounded.
The jackal completely misses you.
You scratch the jackal.
The jackal is severely wounded.
The jackal completely misses you. The jackal misses you.
You closely miss the jackal.
The jackal is severely wounded.
The jackal completely misses you.
You closely miss the jackal.
The jackal is severely wounded.
The jackal barely misses you. The jackal bites you.
You die...

## ########### ..
##..%#....... ..
#.##....#..(. #.
#...#....## ...#
#.###h#.....#.#.....
#.@h#..#.h.#.......
.######.#...#..##.##..
...# ##.#...#[.......
###.(##(##.....h##....
##.###.#(#..#......#...
##.#.###..#.#.#..##...#.
#.##...#.#..#...#..#h..#
#..####.##..#).##..h)...
#.#..#.)#.#..รท..#...#...


You could see 2 jackals.

Vanquished Creatures
  A goblin (D:1)
  A hobgoblin (D:1)
  3 jackals (D:1)
  A bat (D:1)
  A frilled lizard (D:1)
  4 kobolds (D:1)
  A rat (D:1)
12 creatures vanquished.

Notes
Turn   | Place    | Note
-------+----------+-------------------------------------------
     0 | D:1      | inc the Felid Venom Mage began the quest for the Orb.
     0 | D:1      | Reached XP level 1. HP: 7/7 MP: 4/4
    13 | D:1      | Reached skill level 1 in Conjurations
   481 | D:1      | Reached XP level 2. HP: 9/11 MP: 1/6
   611 | D:1      | Slain by a jackal

Skill      XL: |  1  2 |
---------------+-------+-----
Conjurations   | 1 2 |  2.0
Dodging        | |  2.6
Stealth        | |  2.6
Spellcasting   | |  2.0
Poison Magic   | |  2.6

Action                   || total
-------------------------++-------
Melee: Unarmed           ||    36
       Bite              ||     3
 Cast: Sting             ||    29
  Eat: Chunk             ||     1
Armor: Skin              ||     4
Dodge: Dodged            ||    61
